 Dungeon Crawl Stone Soup version 0.30-a0-389-g8d7d949f56 (webtiles) character file.

Game seed: 3384235629984348816

5 stonewall the Ruffian (level 1, -2/16 HPs)
             Began as a Draconian Transmuter on Dec 3, 2022.
             Slain by a hobgoblin (4 damage)
             ... on level 1 of the Dungeon.
             The game lasted 00:00:21 (127 turns).

stonewall the Ruffian (Draconian Transmuter)         Turns: 127, Time: 00:00:22

Health: -2/16      AC:  4    Str: 12    XL:     1   Next: 66%
Magic:  3/3        EV: 12    Int: 13    God:
Gold:   32         SH:  0    Dex: 11    Spells: 3/4 levels left

rFire   . . .      SeeInvis .      - Unarmed
rCold   . . .      Faith    .    (no shield)
rNeg    . . .      Spirit   .    (body armour unavailable)
rPois   .          Reflect  .    (helmet restricted)
rElec   .          Harm     .    c - scarf {shadows}
rCorr   .          Rampage  .    (no gloves)
Will    .....                    (no boots)
Stlth   +.........               (no amulet)
HPRegen 0.22/turn                (no ring)
MPRegen 0.08/turn                (no ring)

@: no status effects
A: AC +4, unfitting armour, cold-blooded
a: no special abilities


You were on level 1 of the Dungeon.
You visited 1 branch of the dungeon, and saw 1 of its levels.

You collected 32 gold pieces.

Inventory:

Armour
 c - a scarf of shadows (worn)
Scrolls
 b - a scroll of torment {unknown}
 d - a scroll of poison {unknown}
Potions
 a - a potion of lignification


   Skills:
 - Level 1.1 Fighting
 - Level 1.7 Dodging
 + Level 3.4 Unarmed Combat
 - Level 2.0 Spellcasting
 - Level 2.0 Transmutations


You had 3 spell levels left.
You knew the following spells:

 Your Spells              Type           Power      Damage    Failure   Level
a - Beastly Appendage     Tmut           12%        N/A       11%         1

Your spell library contained the following spells:

 Spells                   Type           Power      Damage    Failure   Level
 Wereblood                Tmut           6%         N/A       17%         2
 Spider Form              Tmut/Pois      3%         N/A       45%         3
 Ice Form                 Ice/Tmut       3%         N/A       86%         4


Dungeon Overview and Level Annotations

Branches:
Dungeon (1/15)

Altars:


Innate Abilities, Weirdness & Mutations

Your plain brown scales are hard. (AC +4)
You cannot fit into any form of body armour.
You are cold-blooded and may be slowed by cold attacks.


Message History

You now have 32 gold pieces (gained 7).
Found 4 stones.
Found a sling.
Found a plate armour.
d - a scroll labelled MEINEH BOKO A bat comes into view.
A bat is nearby!
A bat is nearby!
A bat is nearby!
An endoplasm and a frilled lizard come into view.
The frilled lizard hisses angrily.
The endoplasm quivers.
A hobgoblin comes into view.
The bat barely misses you. The bat barely misses you.
You see here a +0 plate armour.
The bat hits you but does no damage. The frilled lizard bites you.
You miss the frilled lizard. The bat hits you. The frilled lizard misses you.
You barely miss the frilled lizard.
The endoplasm splashes around in the water.
The bat barely misses you.
The frilled lizard bites you but does no damage.
You miss the bat. The bat hits you. The endoplasm freezes you.
You are frozen.
You barely miss the hobgoblin. The bat hits you but does no damage.
The frilled lizard bites you.
* * * LOW HITPOINT WARNING * * *
The hobgoblin closely misses you. The endoplasm freezes you.
You are frozen.
* * * LOW HITPOINT WARNING * * *
You see here a +0 plate armour.
The frilled lizard attacks as you move away!
The frilled lizard misses you. The bat completely misses you.
The endoplasm attacks as you move away! The endoplasm hits you.
* * * LOW HITPOINT WARNING * * *
The frilled lizard attacks as you move away!
The frilled lizard barely misses you. The hobgoblin hits you.
You die...

.................#
###.......##.#.###
).#.......##.....#
#.........####.#.#
###.......####.#.#
###............#.#
..........#......#
.#...............#
.#.##.(.......(.@#
.#.##...~....~.gl#
...............J.#
.#.##.....~~....b#
.#.##.....~~..[..#
.......$.##
.~....~.!.#
..........#
..........#


You could see an endoplasm, a hobgoblin, a bat and a frilled lizard.

Vanquished Creatures
  A dart slug (D:1)
  A giant cockroach (D:1)
  2 kobolds (D:1)
4 creatures vanquished.

Notes
Turn   | Place    | Note
-------+----------+-------------------------------------------
     0 | D:1      | stonewall the Draconian Transmuter began the quest for the
                  | Orb.
     0 | D:1      | Reached XP level 1. HP: 16/16 MP: 3/3
   127 | D:1      | Slain by a hobgoblin

Illustrated notes

Levels and vault maps discovered:
D:1:      dpeg_arrival_line_fractal, layout_loops_cross, serial_shops, shop,
          skrybe_limestone_x

Action                   || total
-------------------------++-------
Melee: Unarmed           ||    17
       Tailslap          ||     2
Armor: Skin              ||     7
Dodge: Dodged            ||    14

Table legend: (Time is in decaauts)
 A = Elapsed time spent in this place.
 B = Non-inter-level travel time spent in this place.
 C = Inter-level travel time spent in this place.
 D = Time resting spent in this place.
 E = Time spent auto-exploring this place.
 F = Levels seen in this place.
 G = Mean time per level.
                   A        B        C        D        E       F      G
               +--------+--------+--------+--------+--------+-----+--------+
         Total |    125 |    125 |      0 |      0 |     67 |   1 |  125.0 |
       Dungeon |    125 |    125 |      0 |      0 |     67 |   1 |  125.0 |
               +--------+--------+--------+--------+--------+-----+--------+

Top non-repeatable levels by time:
     D:1: 125 daAuts
